 Dungeon Crawl Stone Soup version 0.26-a0-658-gbdda728c12 (webtiles) character file.

Game seed: 15702862228929450757

634 looop the Poker (level 7, -1/56 HPs)
             Began as a Demonspawn Fighter on Oct 4, 2020.
             Was a Follower of Qazlal.
             Slain by an orc priest (5 damage)
             ... on level 4 of the Dungeon.
             The game lasted 00:03:47 (4110 turns).

looop the Poker (Demonspawn Fighter)                Turns: 4110, Time: 00:03:48

Health: -1/56      AC:  9    Str: 18    XL:     7   Next: 25%
Magic:  9/9        EV: 12    Int:  9    God:    Qazlal [*.....]
Gold:   212        SH: 11    Dex: 13    Spells: 6/6 levels left

rFire    . . .     SeeInvis .   a - +0 trident
rCold    + . .     Faith    .   c - +0 kite shield
rNeg     . . .     Spirit   .   b - +0 scale mail
rPois    .         Reflect  .   (helmet restricted)
rElec    .         Harm     .   (no cloak)
rCorr    .         Rampage  .   f - +0 pair of gloves
MR       .....                  (no boots)
Stlth    ..........             (no amulet)
HPRegen  0.18/turn              (no ring)
MPRegen  0.11/turn              (no ring)

@: agile, studying Dodging
A: horns 2, slimy green scales 1, cold resistance 1, powered by pain 1
a: Renounce Religion


You were on level 4 of the Dungeon.
You worshipped Qazlal.
Qazlal was aware of your devotion.
You visited 1 branch of the dungeon, and saw 4 of its levels.

You collected 212 gold pieces.

Inventory:

Hand Weapons
 a - a +0 trident (weapon)
Armour
 b - a +0 scale mail (worn)
 c - a +0 kite shield (worn)
 f - a +0 pair of gloves (worn)
Jewellery
 l - an uncursed ring of resist corrosion {unknown}
 r - an uncursed ring of stealth {unknown}
Wands
 n - a wand of iceblast (10)
Scrolls
 e - a scroll of immolation {unknown}
 g - 5 scrolls of teleportation {unknown}
 h - 3 scrolls of magic mapping {unknown}
 i - 2 scrolls of remove curse {unknown}
 o - 2 scrolls of fog {unknown}
 s - 2 scrolls of identify {unknown}
 t - a scroll of fear {unknown}
Potions
 d - a potion of berserk rage
 j - a potion of flight {unknown}
 k - a potion of stabbing {unknown}
 m - a potion of mutation {unknown}
 p - a potion of curing {unknown}
 q - a potion of degeneration {unknown}
 u - a potion of cancellation {unknown}
Books
 v - a manual of Dodging


   Skills:
 + Level 5.0 Fighting
 * Level 5.6 Polearms
 - Level 2.6 Armour
 - Level 2.6 Shields
 + Level 3.8 Invocations


You had 6 spell levels left.
You didn't know any spells.
Your spell library was empty.

Dungeon Overview and Level Annotations

Branches:
Dungeon (4/15)             Temple (0/1) D:4

Altars:
Fedhas
Hepliaklqana
Qazlal
Vehumet


Innate Abilities, Weirdness & Mutations

You have a pair of horns on your head.
You are partially covered in slimy green scales. (AC +2)
Your flesh is cold resistant. (rC+)
You sometimes gain a little power by taking damage.


Message History

* * * LOW HITPOINT WARNING * * *
Your shield prevents you from hitting the orc priest.
You headbutt the orc priest, but do no damage.
The orc priest is heavily wounded.
You block the quokka's attack. The orc priest closely misses you.
You block the orc's attack.
The quokka bites you but does no damage.
The orc priest looks braver for a moment.
You hit the orc priest.
The orc priest is almost dead.
You block the orc priest's attack. You block the orc's attack.
The quokka barely misses you.
The orc priest calls down the wrath of Beogh upon you.
Beogh smites you!
* * * LOW HITPOINT WARNING * * *
You puncture the orc priest!
You kill the orc priest!
Qazlal accepts your kill. You block the quokka's attack.
The orc priest hits you.
You die...

...... # ...... .### #
....# #...#
#.####.#.##### .....
#......#.....## .....
##.............##
.....
#.....r)o.......#
...<.
#.....°@o.......#
.....
................#
.....
#...............#
.....
#.......(.......#
.....
................##
.....
##...............##.
.....
#!....#.#.#.#.#....
#####
...##.............# #
.....#.......#...#####


You could see an orc priest, an orc and a quokka.

Vanquished Creatures
  A centaur (D:4)
  A big kobold (D:4)
  A bullfrog (D:4)
  An orc priest (D:4)
  4 orc wizards
  2 worker ants (D:4)
  A hound skeleton (D:4)
  Robin (D:2)
  A worker ant zombie (D:4)
  4 gnolls (D:2)
  6 adders
  2 oozes
  2 worms
  A dart slug (D:2)
  3 leopard geckos
  6 orcs
  7 giant cockroaches
  15 goblins
  11 hobgoblins
  A jackal (D:4)
  A quokka (D:3)
  A ball python (D:4)
  8 bats
  A frilled lizard (D:4)
  5 kobolds
  A quokka skeleton (D:4)
  8 rats
96 creatures vanquished.

Notes
Turn   | Place    | Note
-------+----------+-------------------------------------------
     0 | D:1      | looop the Demonspawn Fighter began the quest for the Orb.
     0 | D:1      | Reached XP level 1. HP: 18/18 MP: 1/1
   162 | D:1      | Gained mutation: Your flesh is cold resistant. (rC+)
                  | [demonic ancestry]
   162 | D:1      | Reached XP level 2. HP: 16/24 MP: 2/2
  1034 | D:2      | Reached XP level 3. HP: 20/29 MP: 3/3
  1600 | D:2      | Gained mutation: You have a pair of small horns on your
                  | head. [demonic ancestry]
  1600 | D:2      | Reached XP level 4. HP: 22/37 MP: 4/4
  1857 | D:2      | Found a stormy altar of Qazlal.
  1869 | D:2      | Noticed Robin
  1883 | D:2      | Killed Robin
  1906 | D:2      | Became a worshipper of Qazlal Stormbringer
  1961 | D:2      | Found a faded altar of an unknown god.
  2081 | D:2      | Found a radiant altar of Vehumet.
  2081 | D:2      | Found a hazy altar of Hepliaklqana.
  2459 | D:3      | Reached skill level 1 in Invocations
  2459 | D:3      | Gained mutation: You have a pair of horns on your head.
                  | [demonic ancestry]
  2459 | D:3      | Reached XP level 5. HP: 34/42 MP: 5/5
  3089 | D:3      | Found a blossoming altar of Fedhas.
  3137 | D:4      | HP: 2/43 [worker ant zombie (3)]
  3142 | D:4      | HP: 1/43 [bullfrog (4)]
  3144 | D:4      | Gained mutation: You sometimes gain a little power by
                  | taking damage. [demonic ancestry]
  3144 | D:4      | Reached XP level 6. HP: 27/49 MP: 7/7
  3146 | D:4      | Reached * piety under Qazlal
  3289 | D:4      | Reached skill level 5 in Polearms
  3736 | D:4      | Gained mutation: You are partially covered in slimy green
                  | scales. (AC +2) [demonic ancestry]
  3736 | D:4      | Reached XP level 7. HP: 45/55 MP: 9/9
  3874 | D:4      | Reached skill level 5 in Fighting
  4079 | D:4      | Found a staircase to the Ecumenical Temple.
  4110 | D:4      | Slain by an orc priest

Illustrated notes

Levels and vault maps discovered:
D:1:      sevenhm_arrival_forest_fort_small_4, layout_basic,
          hangedman_decor_points
D:2:      layout_loops_cross, nicolae_overflow_crystal_walls,
          gammafunk_temple_overflow_pools, chequers_ecumenical_altar_grove,
          uniq_robin
D:3:      layout_rooms, marbit_many_paths, feat_on_display
D:4:      layout_rooms, minmay_temple_entry_glass, grunt_decor_one_mirror,
          minmay_manual_monolith

Skill      XL: |  1  2  3  4  5  6  7 |
---------------+----------------------+-----
Polearms       | 2 3 4 5 |  5.6
Fighting       | 4 5 |  5.0
Invocations    | 1 2 3 |  3.8
Armour         | |  2.6
Shields        | |  2.6

Action                   |  1- 3 |  4- 6 |  7- 9 || total
-------------------------+-------+-------+-------++-------
Melee: Trident           |   123 |   201 |    31 ||   355
       Headbutt          |       |    32 |     5 ||    37
  Use: Potion            |       |     4 |       ||     4
Armor: Scale mail        |    49 |   109 |    13 ||   171
Dodge: Dodged            |    26 |    57 |     9 ||    92
Block: Kite shield       |    43 |    87 |    30 ||   160

Table legend: (Time is in decaauts)
 A = Elapsed time spent in this place.
 B = Non-inter-level travel time spent in this place.
 C = Inter-level travel time spent in this place.
 D = Time resting spent in this place.
 E = Time spent auto-exploring this place.
 F = Levels seen in this place.
 G = Mean time per level.
                   A        B        C        D        E       F      G
               +--------+--------+--------+--------+--------+-----+--------+
         Total |   4199 |   4109 |     90 |   1164 |   2266 |   4 | 1049.8 |
       Dungeon |   4199 |   4109 |     90 |   1164 |   2266 |   4 | 1049.8 |
               +--------+--------+--------+--------+--------+-----+--------+

Top non-repeatable levels by time:
     D:2: 1235 daAuts
     D:1: 1209 daAuts
     D:3: 1037 daAuts
     D:4: 716 daAuts
